Cogmind - Beta 15 @@@ ROGUE MODE // 2025.08.13 @ 13:31:43 Player: karotgaemin Result: Self-destructed Performance ------------- Evolutions (1) 500 Regions Visited (2) 400 Robots Destroyed (22) 110 Value Destroyed (527) 527 Prototype IDs (0) 0 Alien Tech Used (0) 0 Bonus (0) 0 TOTAL SCORE: 1537 Bonus ------- None Cogmind --------- Core Integrity 219/400 Matter 260/300 Energy 250/250 System Corruption 0% Temperature Cool (0) Movement Rolling (115) Ox1 Location -9/Materials Parts ------- > --- POWER (1) -------- Ion Engine > --- PROPULSION (2) --- Compact Wheel > --- UTILITY (4) ------ Large Storage Unit Signal Interpreter > --- WEAPON (2) ------- Beam Cannon Katana > --- INVENTORY (15) --- Ion Engine Light Ion Engine Light Treads EM Pulse Gun EM Pulse Gun Grenade Launcher Grenade Launcher Peak State ------------ > --- POWER ------------ Ion Engine > --- PROPULSION ------- Light Treads Light Treads > --- UTILITY ---------- Large Storage Unit Signal Interpreter > --- WEAPON ----------- Assault Rifle Light Assault Rifle > --- INVENTORY -------- Ion Engine Ion Engine Light Ion Engine Wheel Compact Wheel EM Pulse Gun EM Pulse Gun Beam Cannon Grenade Launcher Grenade Launcher [Rating: 8] Favorites ----------- Power Ion Engine Engine Ion Engine Propulsion Light Treads Treads Light Treads Wheel Compact Wheel Utility Large Storage Unit Storage Large Storage Unit Processor Signal Interpreter Weapon Light Assault Rifle Energy Gun EM Pulse Gun Energy Cannon Beam Cannon Ballistic Gun Light Assault Rifle Launcher Grenade Launcher Slashing Weapon Katana Build | -11 -10 -9 ------- Run | Yrd Mat Mat Slots Evolved 2 | . . 2 Power . | . . . Propulsion . | . . . Utility 2 | . . 2 Weapon . | . . . Parts Attached 17 | 6 8 3 Power 3 | 1 1 1 Engine 3 | 1 1 1 Core . | . . . Reactor . | . . . Propulsion 4 | 4 . . Treads 2 | 2 . . Leg . | . . . Wheel 2 | 2 . . Hover . | . . . Flight . | . . . Utility 3 | 1 2 . Device . | . . . Storage 2 | 1 1 . Processor 1 | . 1 . Hackware . | . . . Protection . | . . . Artifact . | . . . Weapon 7 | . 5 2 Energy Gun 2 | . 2 . Energy Cannon 1 | . 1 . Ballistic Gun 2 | . 2 . Ballistic Cannon . | . . . Launcher 1 | . . 1 Special Weapon . | . . . Impact Weapon . | . . . Slashing Weapon 1 | . . 1 Piercing Weapon . | . . . Special Melee Weapon . | . . . Unidentified Prototypes . | . . . Parts Lost 4 | . 1 3 Power . | . . . Propulsion 2 | . 1 1 Utility . | . . . Weapon 2 | . . 2 Highest Loss Streak 2 | . 1 2 To Critical Strikes . | . . . Average Backups 7 | 3 7 8 Power 1 | . 1 2 Propulsion 1 | 1 2 1 Utility . | . . . Weapon 3 | 1 3 4 Tool/Special . | . . . Unused Backups 4 | 2 . 2 Power 1 | . . 1 Propulsion 2 | 2 . . Utility . | . . . Weapon 1 | . . 1 Tool/Special . | . . . Average Slot Usage (%) 86 | . 95 67 Engine 13 | . 14 11 Treads 21 | . 27 8 Wheel 1 | . . 4 Storage 13 | . 14 11 Processor 10 | . 10 11 Energy Gun 3 | . 5 . Energy Cannon 1 | . . 3 Ballistic Gun 19 | . 21 16 Peak Build Rating 8 | 4 8 8 Average Rating 6 | 2 6 6 On Entrance 3 | . 4 6 Naked Turns . | . . . Heaviest Build 30 | 10 30 30 Greatest Support 40 | 40 40 26 Greatest Overweight (x) 3 | 3 1 1 Average Overweight (x) . | . . 1 Largest Inventory Capacity 15 | 8 15 15 Average Capacity 14 | 7 14 15 Most Carried 10 | 6 10 9 Average Carried 7 | 3 7 8 Final Capacity 15 | 8 15 15 Final Carried 9 | 6 9 7 Class Distribution -------------------- 100% | Mutant Dominant Class ---------------- Mutant | -10/Materials Mutant | -9/Materials Resources | -11 -10 -9 ----------- Run | Yrd Mat Mat Matter Collected 589 | 175 278 136 Remotely . | . . . Salvage Created 585 | . 308 277 Parts 37 | . 24 13 Haulers Intercepted . | . . . Recyclers Shooed 1 | . . 1 Parts Field Recycled . | . . . Retrieved Matter . | . . . Parts Self-Destructed . | . . . Prevented . | . . . Kills | -11 -10 -9 ------- Run | Yrd Mat Mat Combat Hostiles Destroyed 18 | . 11 7 Melee 1 | . . 1 Guns 11 | . 10 1 Cannons 1 | . . 1 AOE 5 | . 1 4 Classes Destroyed 6 | . 3 3 Worker 3 | . 3 . Recycler 1 | . . 1 Swarmer 6 | . 6 . Grunt 10 | . 5 5 Duelist 1 | . . 1 Sentry 1 | . . 1 Best Kill Streak 5 | . 4 5 Combat Bots Only 4 | . 3 4 Max Kills in Single Turn 2 | . 1 2 Gunslinging . | . . . Exploded 2 | . 1 2 Melee 1 | . . 1 Uniques/NPCs Destroyed . | . . . Combat | -11 -10 -9 -------- Run | Yrd Mat Mat Hostile Shots Fired 133 | . 79 54 Missed 34 | . 18 16 Hits 99 | . 61 38 Melee 2 | . . 2 Projectile 97 | . 61 36 Critical Strikes 2 | . 2 . Damage Taken 1072 | . 571 501 Core 276 | . 95 181 Absorbed by Shields . | . . . Core Remaining (%) 81 | 100 62 . Volleys Fired 63 | . 42 21 Largest 2 | . 2 2 Hottest 80 | . 60 80 Shots Fired 121 | . 84 37 Gun 105 | . 84 21 Cannon 10 | . . 10 Launcher 6 | . . 6 Special . | . . . Kinetic 99 | . 78 21 Thermal 10 | . . 10 Explosive 6 | . . 6 Electromagnetic 6 | . 6 . Robot Hit Streak 9 | . 9 9 Robot Miss Streak 6 | . 6 4 Penetration Max . | . . . Secondary Targets 4 | . 4 . Max Gunslinging Chain 1 | . 1 . Shots Hit Robots 73 | . 45 28 Core Hits 39 | . 24 15 Critical Kills . | . . . Critical Parts Destroyed . | . . . Critical Strikes . | . . . Melee Attacks 8 | . . 8 Impact . | . . . Slashing 8 | . . 8 Piercing . | . . . Sneak Attacks 1 | . . 1 Combat Hostiles . | . . . Follow-up Attacks . | . . . Damage Inflicted 1458 | . 607 851 Guns 632 | . 508 124 Cannons 121 | . . 121 Explosions 502 | . 97 405 Melee 201 | . . 201 Ramming 2 | . 2 . Kinetic 577 | . 453 124 Thermal 218 | . 97 121 Explosive 405 | . . 405 Electromagnetic 55 | . 55 . Impact . | . . . Slashing 201 | . . 201 Piercing . | . . . Highest Corruption . | . . . Average Corruption . | . . . Corruption Purged . | . . . Corruption Blocked . | . . . Overload Shots . | . . . Overflow Damage 26 | . . 26 Projectiles . | . . . Explosions . | . . . Melee 26 | . . 26 Knockbacks . | . . . Impact . | . . . Kinetic . | . . . Secondary . | . . . Self-Inflicted Damage 39 | . . 39 Shots 1 | . . 1 Rammed . | . . . Targets Rammed 1 | . 1 . Kicked . | . . . Crushed 1 | . 1 . Highest Temperature 113 | . 97 113 Average Temperature 32 | . 33 32 Received Heat Transfer 366 | . 141 225 Siege Activations . | . . . Martial Activations . | . . . Shielding Activations . | . . . Robots Disrupted . | . . . Combat Hostiles . | . . . Robots Corrupted . | . . . Combat Hostiles . | . . . Parts Fried 1 | . 1 . Impact Corruptions . | . . . Robots Melted . | . . . Combat Hostiles . | . . . Parts Melted 1 | . 1 . Heat Transferred 359 | . 100 259 Parts Sabotaged . | . . . Parts Stolen . | . . . Parts Stripped . | . . . Power Chain Reactions 1 | . 1 . Alert | -11 -10 -9 ------- Run | Yrd Mat Mat Maximum Alert Level . | . . . Low Security (%) 100 | 100 100 100 Level 1 . | . . . Level 2 . | . . . Level 3 . | . . . Level 4 . | . . . Level 5 . | . . . High Security . | . . . Max Security . | . . . Peak Influence 133 | . 93 133 Initial 38 | . . 38 Average 32 | . 30 45 Influence Increases 533 | . 295 238 Destroy 0b10 Robot/C 360 | . 220 140 Destroy 0b10 Robot/NC 20 | . 15 5 Destroy Leader 80 | . 50 30 Destroy Structure 43 | . 10 33 Lose Combat Pursuer 30 | . . 30 Influence Decreases 410 | . 203 207 Entered New Map 54 | . . 54 Time Decay 326 | . 193 133 Lost Part 30 | . 10 20 Squads Dispatched 2 | . 2 . Investigation 1 | . 1 . Extermination . | . . . Reinforcement 1 | . 1 . Assault . | . . . Garrison . | . . . Intercept . | . . . Searches Triggered . | . . . Construction Impeded . | . . . Haulers Reinforced . | . . . Active Scanning Responses . | . . . Cargo Convoy Interrupts . | . . . Stealth | -11 -10 -9 --------- Run | Yrd Mat Mat Distress Signals 4 | . 2 2 Communications Jammed . | . . . Distress Signals . | . . . Times Spotted 33 | . 20 13 Peak Tracking Total 6 | . 6 4 Tactical Retreats 2 | . . 2 Traps | -11 -10 -9 ------- Run | Yrd Mat Mat Traps Triggered 1 | . 1 . Indirectly . | . . . Trap Hack Attempts . | . . . Triggered . | . . . Disarmed . | . . . Reprogrammed . | . . . Reused . | . . . Traps Extracted . | . . . Installed . | . . . Triggered . | . . . Machines | -11 -10 -9 ---------- Run | Yrd Mat Mat Machines Disabled . | . . . Max in Single Turn . | . . . Machines Repaired . | . . . Machines Dismantled . | . . . Machines Sabotaged . | . . . Overloaded Fab Kills . | . . . Hacking | -11 -10 -9 --------- Run | Yrd Mat Mat Machines Accessed . | . . . Terminals . | . . . Fabricators . | . . . Repair Stations . | . . . Recycling Units . | . . . Scanalyzers . | . . . Garrison Access . | . . . Total Hacks . | . . . Successful . | . . . Failed . | . . . Catastrophic . | . . . Database Lockouts . | . . . Manual . | . . . Terminals . | . . . Fabricators . | . . . Repair Stations . | . . . Recycling Units . | . . . Scanalyzers . | . . . Garrison Access . | . . . Terminal Hacks . | . . . Fabricator Hacks . | . . . Repair Station Hacks . | . . . Recycling Unit Hacks . | . . . Scanalyzer . | . . . Garrison Access Hacks . | . . . Unauthorized Hacks . | . . . Terminals . | . . . Fabricators . | . . . Repair Stations . | . . . Recycling Units . | . . . Scanalyzers . | . . . Garrison Access . | . . . Data Cores Recovered . | . . . Used . | . . . Hacking Detections . | . . . Full Trace Events . | . . . Feedback Events . | . . . Feedback Blocked . | . . . Robot Schematics Acquired . | . . . Robots Built . | . . . Authchips . | . . . Time . | . . . Total Robot Build Rating . | . . . Part Schematics Acquired . | . . . Parts Built . | . . . Authchips . | . . . Time . | . . . Total Part Build Rating . | . . . Parts Repaired . | . . . Time . | . . . Parts Recycled . | . . . Recycled Matter . | . . . Retrieved Matter . | . . . Retrieved Components . | . . . Parts Scanalyzed . | . . . Part Schematics Acquired . | . . . Parts Damaged . | . . . Bothacking | -11 -10 -9 ------------ Run | Yrd Mat Mat Used RIF Installer . | . . . Robots Hacked . | . . . Non-combat . | . . . Combat . | . . . Robot Hacks Applied . | . . . Relay Couplers Released . | . . . Fabnet Peak Effective % . | . . . Robots Rewired . | . . . Allies Hacked . | . . . Hacks Repelled . | . . . Allies | -11 -10 -9 -------- Run | Yrd Mat Mat Total Allies . | . . . Largest Group . | . . . Highest-Rated Group . | . . . Highest-Rated Ally . | . . . Total Orders . | . . . Ally Attacks . | . . . Total Damage . | . . . Kills . | . . . Allies Corrupted . | . . . Allies Melted . | . . . Intel | -11 -10 -9 ------- Run | Yrd Mat Mat Active Infowar (turns) . | . . . Robot Analysis Total . | . . . Derelict Logs Recovered . | . . . Drone Launches . | . . . Drone Recoveries . | . . . Exploration | -11 -10 -9 ------------- Run | Yrd Mat Mat Turns Passed 1222 | 98 778 346 Spaces Moved 526 | 51 378 97 Core 8 | 8 . . Treads 456 | 20 378 58 Legs . | . . . Wheels 62 | 23 . 39 Hover . | . . . Flight . | . . . Fastest Speed 50 | 50 160 105 Average Speed 163 | 131 161 186 Slowest Speed 240 | 200 240 240 Overloaded Moves . | . . . Propulsion Burnouts . | . . . Robots Hopped . | . . . Potential Cave-ins . | . . . Cave-ins Triggered . | . . . Exploration Rate (%) 31 | 3 75 17 Regions Visited 2 Branch Regions . Pre-discovered Areas . | . . . Known Exits Taken 1 | . 1 . Unknown Exits Taken 1 | 1 . . Scrap Searched . | . . . Spaces Dug . | . . . Terrain Destroyed 42 | . 12 30 Melee . | . . . Projectile . | . . . AOE 42 | . 12 30 Terrain Rammed . | . . . Walls Destroyed . | . . . Machines Disabled . | . . . Actions | -11 -10 -9 --------- Run | Yrd Mat Mat Total 763 | 80 467 216 Wait 125 | 13 30 82 Move 524 | 50 377 97 Hop . | . . . Pick Up 16 | 9 6 1 Fast Attach 5 | 3 2 . Attach 7 | 1 2 4 Detach 1 | . . 1 Swap 9 | 2 5 2 Drop 4 | 2 2 . Fire 63 | . 42 21 Melee 8 | . . 8 Ram . | . . . Kick . | . . . Crush 1 | . 1 . Escape Stasis . | . . . Rewire . | . . . Trap . | . . . Miscellaneous . | . . . Route ------- -11/Scrapyard -10/Materials (discovered 3 exits: *Mat x2 / *Min) -9/Materials History --------- Turn | Location | Event 23 | -11/Scrapyard | Discovered new exit (range 15) 99 | -11/Scrapyard | Entered Materials 290 | -10/Materials | Discovered new exit (range 12) 314 | -10/Materials | Identified exit to Mines 319 | -10/Materials | Build established: Mutant 423 | -10/Materials | Discovered new exit (range 10) 699 | -10/Materials | Derelicts attacked the area 836 | -10/Materials | Discovered new exit (range 16) 875 | -10/Materials | Identified exit to Materials 877 | -10/Materials | Entered another Materials area 877 | -9/Materials | Evolved 2 slots: Utility x2 1223 | -9/Materials | Self-destructed Last Messages --------------- 01142_ U-05 Engineer lays Concrete. 01143_ Acquired 37 matter. 01144_ U-05 Engineer lays Concrete. 01146_ U-05 Engineer builds a Wall. 01147_ U-05 Engineer lays Concrete. 01152_ R-06 Scavenger collects Aluminum Leg. 01153_ U-05 Engineer builds a Wall. 01153_ K-01 Serf collects debris. 01154_ U-05 Engineer lays Concrete. 01158_ K-01 Serf collects debris. 01183_ Lgt. Assault Rifle destroyed. 01185_ Wheel destroyed. 01186_ L-31 Rogue destroyed. 01188_ Acquired 45 matter. 01189_ K-01 Serf collects debris. 01191_ Acquired Katana. 01193_ K-01 Serf collects debris. 01211_ Sneak attack on U-05 Engineer. 01211_ Destroyed Welding Torch. 01217_ Y-45 Defender destroyed. Map ----- +----------------------------------------------------+ | ?????????????????????????????????????????????????? | | ?????????????????????????????????????????????????? | | ?????????????????????????????????????????????????? | | ?????????????????????????????????????????????????? | | ?????????????????????????????????????????????????? | | ?????????????????????????????????????????????????? | | ?????????????????????????????????????????????????? | | ?????????????????????????????????????????????????? | | ?????????????????????????????????????????????????? | | ?????????????????????????????????????????????????? | | #############+???????????????????????????????????? | | ^ ?????????????? ???????????????????? | | ^ ?????????????? ????????????????? | | ?????????????? #????????????????? | | ####### ###########??????? #????????????????? | | #?## # #??????? #????????????????? | | #?# # "" #??????? #????????????????? | | "" #?# [ "T #?????? #????????????????? | | "" ### "" """ #?????? #????????????????? | | "" / *!/ """ #?????? #????????????????? | | ### """ #??#### #????????????????? | | ##### #??# ###+####?????????? | | # #??# ?????????? | | # ######??# a ????????? | | = ############## ![g ????????? | | * * w = @g! #??????????????? | | # ######## % a #??????????????? | | ## # ##?????# [ #??????????????? | | ?###### # #?????# +???????????? | | ????? ????#######+#############???????????? | | ???? """ """ #?????????? ???????????????????????? | | ???# """ """ #?????????? ???????????????????????? | | ???# """ """ #?????????? ??????????????????????? | | ???#??"" """?#??????????"""??????????????????????? | | ???????" "???????????????""??????????????????????? | | ??????? ???????????????"" ?????????????????????? | | ??????? ???????????????????????????????????????? | | ????????##???????????????????????????????????????? | | | | | | | | | | | | | | | | | | | | | | | | | +----------------------------------------------------+ Best States ------------- Heat Dissipation 28 Energy Generation 10 Energy Capacity 250 Matter Stores 300 Matter Capacity 300 Sight Range 16 Terrain Scan Density 10 Evasion (%) 40 Recoil Reduction 2 Item Schematics ----------------- None Robot Schematics ------------------ None Fabricated ------------ Nothing Repaired ---------- Nothing Alien Tech Used ----------------- None Achievements -------------- None Challenges ------------ None Game ------ Seed MassAerolevMegatreads Manual? 0 Play Time 00:09:24 Cumulative 28.5 hours Start 2025.08.13 @ 13:24:12 End 2025.08.13 @ 13:31:43 Sessions 1 Manual Loads 0 Difficulty Rogue Special Mode None Game No. 82 Rogue 82 Adventurer 0 Explorer 0 Win Type - Total 0 Types 0/0/0/0/0/0/0/0/0/0 Lore% 14 Gallery% 26 Achievement% 21 Wizard Run 0 Options --------- Layout 1 ASCII 0 Keyboard 0 Movement Mouse Keybinds 0 Fullscreen 1 Font 24/Smallcaps Map View 50x35 Zoom Use 11% Tactical HUD 1 Map Filters NONE Filters NONE Steam 1 RUN: b9b82ae1-994e-48d2-ad58-e5f647079fc4